Map: Ley Lines

Players

KimChiLoVer - Winner!

  • Race: Terran Terran
  • Spawn Location: 7:00

VOD

Have the link to the VOD?

Description

Time

  • Played on: Aug. 16, 2025, 11:34 a.m.
  • Length: 10:21
Show
View Real Time Build Order
Export as new Build Order

KimChiLoVer Terran - Winner!

Build Orders: Reaper Expand 

Get SALT Encoding   

  12  0:02  SCV  
  12  0:14  SCV  
  12  0:18  Supply Depot  
  12  0:28  SCV  
  12  0:40  SCV  
  12  0:41  Barracks  
  12  0:46  Refinery  
  12  0:52  SCV  
  12  1:04  SCV  
  12  1:16  SCV  
  12  1:28  Orbital Command  
  12  1:30  Reaper  
  12  1:39  Command Center  
  12  1:48  Supply Depot  
  12  1:54  SCV  
  12  2:04  Marine  
  12  2:06  Factory  
  12  2:08  SCV  
  12  2:11  Refinery  
  12  2:20  Barracks  
  12  2:23  SCV  
  12  2:27  Barracks Reactor  
  12  2:34  Barracks  
  12  2:37  SCV  
  12  2:50  SCV, Orbital Command  
  12  2:53  Factory Tech Lab  
  12  3:04  SCV  
  12  3:05  Marine x2  
  12  3:16  Stimpack  
  12  3:17  Marine  
  12  3:19  SCV  
  12  3:25  SCV  
  12  3:34  Command Center  
  12  3:39  Marine x2  
  12  3:40  SCV  
  12  3:41  SCV  
  12  3:49  Starport  
  12  3:50  Factory Reactor  
  12  3:55  Marine x2  
  12  3:57  SCV x2  
  12  4:00  Marine  
  12  4:05  Engineering Bay  
  12  4:10  Engineering Bay  
  12  4:13  SCV  
  12  4:14  SCV  
  12  4:16  Marine  
  12  4:17  Marine  
  12  4:25  SCV  
  12  4:26  Supply Depot  
  12  4:32  Refinery  
  12  4:35  Terran Infantry Weapons Level 1  
  12  4:36  Terran Infantry Armor Level 1  
  12  4:40  Barracks  
  12  4:42  Barracks Tech Lab  
  12  4:46  Barracks  
  12  4:50  Orbital Command  
  12  4:52  SCV  
  12  4:53  SCV  
  12  4:59  Medivac  
  12  5:01  Medivac  
  12  5:02  Factory Tech Lab  
  12  5:04  SCV  
  12  5:08  SCV  
  12  5:12  Combat Shield  
  12  5:15  Orbital Command  
  12  5:18  SCV, Armory  
  12  5:20  SCV  
  12  5:25  Siege Tank  
  12  5:27  Marine x2  
  12  5:31  Barracks Reactor  
  12  5:33  Marine  
  12  5:35  Barracks Tech Lab  
  12  5:37  Supply Depot  
  12  5:45  Supply Depot  
  12  5:47  SCV  
  12  5:51  Supply Depot  
  12  5:53  SCV x2, Refinery  
  12  5:58  Viking  
  12  5:59  SCV, Medivac  
  12  6:05  SCV  
  12  6:08  Marine  
  12  6:09  Marine  
  12  6:10  Barracks  
  12  6:11  SCV, Barracks  
  12  6:15  SCV  
  12  6:17  SCV  
  12  6:18  Concussive Shells  
  12  6:23  SCV  
  12  6:26  Siege Tank  
  12  6:29  Barracks  
  12  6:33  Medivac  
  12  6:40  Terran Infantry Weapons Level 2  
  12  6:51  Marine x3  
  12  6:55  Command Center, Marine x4  
  12  6:56  Terran Infantry Armor Level 2  
  12  7:05  Viking  
  12  7:09  Marine  
  12  7:10  Refinery  
  12  7:12  Refinery  
  12  7:18  Marine x3  
  12  7:19  Marine x2  
  12  7:20  Barracks Tech Lab  
  12  7:22  Siege Tank  
  12  7:27  Supply Depot  
  12  7:36  Marine, Marauder  
  12  7:37  Marauder  
  12  7:38  Barracks Tech Lab  
  12  7:41  Barracks Reactor, Marauder  
  12  7:42  Marauder  
  12  7:48  Marine x3  
  12  7:50  SCV x2  
  12  7:51  SCV  
  12  7:53  Supply Depot  
  12  7:54  Marine  
  12  7:57  Marine, Supply Depot  
  12  8:03  Terran Vehicle And Ship Armor Level 1  
  12  8:06  Marine x2, Marauder x2  
  12  8:11  Marine x2  
  12  8:16  Marauder, Supply Depot  
  12  8:24  Marauder x2  
  12  8:28  Marauder x2, Starport  
  12  8:31  Marine  
  12  8:33  SCV  
  12  8:36  Orbital Command  
  12  8:37  Marauder  
  12  8:42  Viking  
  12  8:43  Medivac  
  12  8:47  Supply Depot  
  12  8:53  SCV x3  
  12  8:57  Marine, Marauder  
  12  9:05  SCV x2  
  12  9:06  Starport Reactor  
  12  9:12  Supply Depot  
  12  9:15  Marine, Marauder  
  12  9:21  Supply Depot  
  12  9:26  Marine x2, Marauder  
  12  9:27  Marauder x2  
  12  9:36  Medivac, Viking  
  12  9:39  Marine x2, Marauder x2  
  12  9:43  Supply Depot  
  12  9:44  Medivac  
  12  9:46  Viking  
  12  9:48  Marine x2  
  12  9:49  Marine  
  12  9:54  SCV  
  12  9:58  SCV x3  
  12  10:03  Supply Depot  
  12  10:06  SCV  
Tags
 
Add a new tag
Caveats
  • Supply blocks, unpowered buildings, or Contaminate may cause inaccurate times.
  • Supply counts are checked every 10 seconds.